 Dungeon Crawl Stone Soup version 0.23.2-30-g0e89c35649 (webtiles) character file.

Game seed: 13187469076170079788

6806 LLlMATKO the Fighter (level 10, -3/97 HPs)
             Began as a Minotaur Berserker on June 18, 2019.
             Was a High Priest of Trog.
             Slain by an unseen horror (7 damage)
             ... on level 9 of the Dungeon.
             The game lasted 00:16:18 (9319 turns).

LLlMATKO the Fighter (Minotaur Berserker)           Turns: 9319, Time: 00:16:19

Health: -3/97      AC: 11    Str: 25    XL:     10   Next: 77%
Magic:  3/3        EV: 11    Int:  4    God:    Trog [*****.]
Gold:   465        SH:  0    Dex: 10    Spells: 9/9 levels left

rFire    + . .     SeeInvis .   F - +3 battleaxe (antimagic)
rCold    x . .     Gourm    .   (shield currently unavailable)
rNeg     . . .     Faith    .   r - +0 ring mail
rPois    .         Spirit   .   u - +2 hat
rElec    .         Reflect  .   (no cloak)
rCorr    .         Harm     .   w - +0 pair of gloves
MR       .....                  (no boots)
Stlth    ..........             (no amulet)
HPRegen  0.26/turn              y - ring of fire
MPRegen  0.08/turn              (no ring)

@: berserk cooldown, slowed, very slow
A: retaliatory headbutt, horns 2
a: Berserk, Trog's Hand, Brothers in Arms, Renounce Religion


You were on level 9 of the Dungeon.
You worshipped Trog.
Trog was extremely pleased with you.
You were hungry.

You visited 1 branch of the dungeon, and saw 9 of its levels.
You also visited: Sewer.

You collected 465 gold pieces.

Inventory:

Hand Weapons
 F - a +3 antimagic battleaxe (weapon)
Missiles
 f - 202 stones (quivered)
 C - 5 javelins of returning
 D - 6 tomahawks
Armour
 r - a +0 ring mail (worn)
 u - a +2 hat (worn)
 w - a +0 pair of gloves (worn)
Jewellery
 y - a ring of fire (left hand)
Wands
 v - a wand of flame (25)
 x - a wand of disintegration (14)
 B - a wand of polymorph (6)
 E - a wand of enslavement (6)
 I - a wand of digging (4)
 J - a wand of acid (9)
Scrolls
 a - 2 scrolls of enchant armour
 b - a scroll of blinking {unknown}
 d - 3 scrolls of teleportation
 e - 5 scrolls of identify
 h - a scroll of enchant weapon
 i - a scroll of remove curse
 o - a scroll of magic mapping {unknown}
 t - 2 scrolls of fog
 G - a scroll of immolation {unknown}
 H - a scroll of vulnerability {unknown}
Potions
 g - 4 potions of lignification {unknown}
 j - 7 potions of curing
 k - 2 potions of agility {unknown}
 l - 3 potions of heal wounds {unknown}
 m - a potion of flight {unknown}
 n - a potion of degeneration {unknown}
 p - 2 potions of mutation {unknown}
 q - a potion of ambrosia {unknown}
 s - a potion of invisibility {unknown}
 z - a potion of brilliance {unknown}
 A - 2 potions of haste {unknown}
Comestibles
 c - 22 rations


   Skills:
 + Level 11.8 Fighting
 + Level 11.7 Axes
 + Level 11.5 Armour
 - Level 2.1 Dodging


You had 9 spell levels left.
You didn't know any spells.
Your spell library was empty.

Dungeon Overview and Level Annotations

Branches:
Dungeon (9/15)             Temple (0/1) D:5            Lair (0/6) D:9
    Orc: D:9-12

Altars:
Ashenzari
Elyvilon
Gozag
Qazlal
Vehumet
Wu Jian
Xom
Zin

Annotations:
D:7 2 transporters


Innate Abilities, Weirdness & Mutations

You reflexively headbutt those who attack you in melee.
You have a pair of horns on your head.


Message History

Something hits you but does no damage. Something hits you.
* * * LOW HITPOINT WARNING * * *
You barely miss something. Something hits you.
* * * LOW HITPOINT WARNING * * *
Something hits you.
* * * LOW HITPOINT WARNING * * *
Something hits you.
* * * LOW HITPOINT WARNING * * *
You feel a strong urge to attack something.
Something hits you but does no damage. x2
Something hits you but does no damage.
You feel your anger nearly subside.
You are no longer berserk.
You are exhausted.
You feel yourself slow down. Something hits you but does no damage.
There is an open door, spattered with blood here.
Items here: ) ††† a +0 mace; a worker ant corpse; a bullfrog corpse; a hound corpse Something hits you but does no damage.
Something hits you!
You die...

.##.#.# #########'##
#.# ..#.#.####
#..[....#).# ..#
.........# #.⌠...⌠.#..#
.# #.#.#.##.#
#..⌠....#..# #...#....#
+...⌠...'.##
.#..#########....⌠..###
...........##.⌠...⌠.#
.#..######.##.......#
.#..# ####.#####@####
#...###....# #.#
...>.......# #...#
#...###...## #.((..#
#...# #...# #.......#
#...###...##.........#
#.....#####....?!$....#
......# #....)$#=(....#
......# ####### #######


There were no monsters in sight!

Vanquished Creatures
  A gargoyle (D:9)
  An efreet (D:9)
  A troll (D:9)
  Grinder (D:4)
  A hippogriff (D:8)
  Sigmund (D:6)
  5 yaks (D:9)
  A hungry ghost (D:8)
  Menkaure (D:6)
  4 orc warriors
  4 ice beasts
  A sky beast (D:7)
  3 black bears
  4 phantoms
  2 ogres
  3 centaurs
  9 bullfrogs
  2 big kobolds (D:8)
  2 water moccasin zombies
  3 scorpions
  A howler monkey (D:9)
  4 crimson imps
  A bullfrog zombie (D:5)
  7 orc priests
  A gnoll shaman (D:6)
  8 hounds
  A jelly (D:9)
  9 orc wizards
  2 centaur skeletons
  An iguana (D:6)
  10 worker ants
  2 howler monkey zombies
  11 gnolls
  11 adders
  14 oozes
  An adder zombie (D:5)
  2 worms
  4 dart slugs
  21 leopard geckos
  34 orcs
  12 ball pythons
  7 bats
  23 giant cockroaches
  9 goblins
  8 hobgoblins
  14 jackals
  6 quokkas
  22 frilled lizards
  18 kobolds
  2 quokka skeletons (D:7)
  12 rats
328 creatures vanquished.

Notes
Turn   | Place    | Note
-------+----------+-------------------------------------------
     0 | D:1      | LLlMATKO the Minotaur Berserker began the quest for the
                  | Orb.
     0 | D:1      | Reached XP level 1. HP: 19/19 MP: 0/0
   286 | D:1      | Reached XP level 2. HP: 24/27 MP: 1/1
   655 | D:1      | Reached XP level 3. HP: 26/33 MP: 2/2
  1163 | D:2      | Reached ** piety under Trog
  1167 | D:2      | Reached XP level 4. HP: 41/41 MP: 3/3
  1276 | D:2      | Found an opulent altar of Gozag.
  2056 | D:3      | Reached XP level 5. HP: 13/47 MP: 4/4
  2056 | D:3      | Reached skill level 5 in Fighting
  2056 | D:3      | Reached skill level 5 in Axes
  2299 | D:3      | Reached *** piety under Trog
  2728 | D:4      | Reached XP level 6. HP: 33/56 MP: 5/5
  2992 | D:4      | Reached skill level 5 in Armour
  3162 | D:4      | Noticed Grinder
  3168 | D:4      | Paralysed by Grinder for 5 turns
  3179 | D:4      | Killed Grinder
  3179 | D:4      | Reached XP level 7. HP: 41/64 MP: 6/6
  3973 | D:5      | Entered Level 5 of the Dungeon
  4007 | D:5      | Found a shattered altar of Ashenzari.
  4061 | D:5      | Reached **** piety under Trog
  4221 | D:5      | Found a glowing drain.
  4252 | Sewer    | Entered a sewer
  4344 | Sewer    | Reached XP level 8. HP: 63/73 MP: 7/7
  4653 | Sewer    | Reached ***** piety under Trog
  4992 | D:5      | Found a staircase to the Ecumenical Temple.
  5077 | D:5      | Found an ornate altar of the Wu Jian Council.
  5693 | D:6      | Noticed Menkaure
  5701 | D:6      | Killed Menkaure
  5701 | D:6      | Reached XP level 9. HP: 56/83 MP: 8/8
  6352 | D:6      | Noticed an angel
  6353 | D:6      | Found a shimmering altar of Xom.
  6355 | D:6      | Found a glowing silver altar of Zin.
  6357 | D:6      | Noticed Sigmund
  6369 | D:6      | Killed Sigmund
  6606 | D:7      | Received a gift from Trog
  7101 | D:7      | Found a transporter.
  7107 | D:7      | Found a stormy altar of Qazlal.
  7108 | D:7      | Found a transporter.
  7108 | D:7      | Found a white marble altar of Elyvilon.
  7108 | D:7      | Noticed a six-headed hydra
  7135 | D:7      | Found a radiant altar of Vehumet.
  7149 | D:7      | Reached skill level 10 in Fighting
  7149 | D:7      | Reached skill level 10 in Axes
  7355 | D:8      | Reached skill level 10 in Armour
  7427 | D:8      | Received a gift from Trog
  7518 | D:8      | Reached XP level 10. HP: 94/94 MP: 0/9
  7796 | D:8      | Found the +8 storm bow {elec}
  8452 | D:9      | Found a staircase to the Lair.
  9282 | D:9      | Noticed a gargoyle
  9300 | D:9      | Killed a gargoyle
  9314 | D:9      | HP: 5/145 [something (3)]
  9319 | D:9      | Slain by an unseen horror

Skill      XL: |  1  2  3  4  5  6  7  8  9 10 |
---------------+-------------------------------+-----
Fighting       | 4 5 6 7 9 10 11 | 11.8
Axes           | 4 5 6 7 8 10 11 | 11.7
Armour         | 3 4 6 8 10 11 | 11.5
Dodging        | |  2.1

Action                   |  1- 3 |  4- 6 |  7- 9 | 10-12 || total
-------------------------+-------+-------+-------+-------++-------
Melee: Hand axe          |    71 |     2 |       |       ||    73
       Headbutt          |     6 |    20 |    45 |    20 ||    91
       War axe           |       |   113 |   403 |       ||   516
       Battleaxe         |       |       |     7 |   124 ||   131
Throw: Stone             |       |       |    14 |     4 ||    18
Invok: Berserk           |     1 |     2 |     8 |     4 ||    15
  Use: Scroll            |       |       |     9 |       ||     9
  Eat: Chunk             |     1 |     7 |    19 |    11 ||    38
       Ration            |       |       |     1 |       ||     1
Armor: Animal skin       |    13 |       |       |       ||    13
       Ring mail         |       |    46 |   187 |    69 ||   302
Dodge: Dodged            |    51 |    64 |   248 |    58 ||   421
